 Dungeon Crawl Stone Soup version 0.32-a0-589-g2d1f746d5d (webtiles) character file.

Game seed: 1895097828997301663

119352 Armakuni the Unifier (level 16, -26/136 HPs)
             Began as a Human Artificer on Mar 2, 2024.
             Was a High Priest of Beogh.
             Blown up by an orb spider (54 damage)
             ... with an orb of destruction
             ... on level 2 of the Spider Nest.
             The game lasted 01:42:16 (24359 turns).

Armakuni the Unifier (Human Artificer)             Turns: 24359, Time: 01:42:16

Health: -26/136    AC: 22    Str: 12    XL:     16   Next: 79%
Magic:  15/28      EV: 22    Int: 19    God:    Beogh [*****.]
Gold:   383        SH:  0    Dex: 29    Spells: 12/16 levels left

rFire   + + .        a - +3 double sword (vamp)
rCold   + + .        (no shield)
rNeg    . . .        y - +5 scale mail "Okhisyucw" {Dex+4}
rPois   +            d - +0 helmet of Secweawk {Fly rF+ rC+}
rElec   +            j - +2 cloak {Stlth+}
rCorr   +            V - +2 pair of gloves {hurl}
SInv    .            P - +0 pair of boots
Will    ++...        U - amulet of faith
Stlth   ++           E - +5 ring of evasion
HPRegen 0.42/turn    W - ring "Cios" {*Corrode rPois Will+ Int+4 Dex+6}
MPRegen 0.21/turn

%: corrode self (3%), faith
@: resistant, untranslocatable, immotile, flying, very slightly contaminated
A: walk on water, explore regen
a: Renounce Religion, Smiting, Recall Apostles, Blood for Blood, Dismiss Orkrul,
warrior, Dismiss Morguth, priest, Dismiss Nordag, warrior


You were on level 2 of the Spider Nest.
You worshipped Beogh.
Beogh was extremely pleased with you.
You visited 5 branches of the dungeon, and saw 25 of its levels.
You also visited: Ice Cave.

You collected 2710 gold pieces.
You spent 2327 gold pieces at shops.

Inventory:

Hand Weapons
 a - a +3 vampiric double sword (weapon)
Missiles
 C - a curare-tipped dart (quivered)
Armour
 d - the +0 helmet of Secweawk (worn) {Fly rF+ rC+}
   (You bought it in a shop on level 2 of the Orcish Mines)

   rF+:       It protects you from fire.
   rC+:       It protects you from cold.
   Fly:       It grants you flight.
 j - a +2 cloak of stealth (worn)
 y - the +5 scale mail "Okhisyucw" (worn) {Dex+4}
   (You bought it in a shop on level 2 of the Orcish Mines)

   Dex+4:     It affects your dexterity (+4).
 I - a +2 kite shield of protection
 P - a +0 pair of boots (worn)
 V - a +2 pair of gloves of hurling (worn)
Jewellery
 E - a +5 ring of evasion (left hand)
 M - a ring of willpower
 R - an amulet of regeneration
 U - an amulet of faith (around neck)
 W - the ring "Cios" (right hand) {*Corrode rPois Will+ Int+4 Dex+6}
   (You bought it in a shop on level 2 of the Orcish Mines)

   [ring of dexterity]

   Int+4:     It affects your intelligence (+4).
   Dex+6:     It affects your dexterity (+6).
   rPois:     It protects you from poison.
   Will+:     It increases your willpower.
   *Corrode:  It may corrode you when you take damage.
Wands
 m - a wand of mindburst (12)
 r - a wand of roots (17)
 t - a wand of digging (1)
 v - a wand of flame (26)
Scrolls
 b - 2 scrolls of vulnerability
 f - 3 scrolls of amnesia
 g - 2 scrolls of identify
 i - 5 scrolls of immolation
 l - 2 scrolls of butterflies
 n - 9 scrolls of teleportation
 p - 7 scrolls of blinking
 s - 3 scrolls of fog
 A - 2 scrolls of poison
 G - 8 scrolls of noise
 H - 2 scrolls of fear
 L - 5 scrolls of enchant armour
 N - 4 scrolls of revelation
 Q - a scroll of enchant weapon
 S - 2 scrolls of silence
 X - 3 scrolls of brand weapon
Potions
 e - 11 potions of curing
 h - 3 potions of haste
 k - 4 potions of lignification
 o - a potion of brilliance
 u - a potion of cancellation
 w - 3 potions of might
 z - 2 potions of magic
 B - 6 potions of heal wounds
 D - 2 potions of berserk rage
 F - 4 potions of ambrosia
 J - a potion of invisibility
 K - 4 potions of enlightenment
 O - a potion of attraction
 T - a potion of mutation {unknown}
Miscellaneous
 c - a condenser vane
 q - a phial of floods


   Skills:
 + Level 15.0 Fighting
 - Level 16.0 Long Blades
 - Level 2.0 Maces & Flails
 - Level 8.3 Armour
 - Level 10.0 Dodging
 - Level 1.0 Stealth
 - Level 0.5 Spellcasting
 - Level 16.6 Invocations
 - Level 6.0 Evocations


You had 12 spell levels left.
You knew the following spells:

 Your Spells              Type           Power      Damage    Failure   Level
b - Blink                 Tloc           0%         N/A       77%         2
l - Lesser Beckoning      Tloc           0%         N/A       77%         2

Your spell library contained the following spells:

 Spells                   Type           Power      Damage    Failure   Level
 Necrotise                Necr           0%         1d4       63%         1
 Shock                    Conj/Air       0%         1d3       63%         1
 Momentum Strike          Conj/Tloc      0%         3d8       77%         2
 Stone Arrow              Conj/Erth      0%         3d7       94%         3
 Swiftness                Air            0%         N/A       94%         3
 Tukima's Dance           Hex            0%         N/A       94%         3
 Vampiric Draining        Necr           0%         2d6       94%         3
 Airstrike                Air            0%         2d(0-16)  100%        4
 Anguish                  Hex/Necr       0%         N/A       100%        4
 Animate Armour           Summ/Erth      0%         N/A       100%        4
 Cause Fear               Hex            0%         N/A       100%        4
 Dimensional Bullseye     Hex/Tloc       0%         N/A       100%        4
 Iskenderun's Mystic Bla  Conj/Tloc      0%         2d3       100%        4
 Leda's Liquefaction      Alch/Erth      0%         N/A       100%        4
 Martyr's Knell           Necr/Summ      0%         N/A       100%        4
 Summon Blazeheart Golem  Fire/Summ      0%         N/A       100%        4
 Summon Lightning Spire   Summ/Air       0%         N/A       100%        4
 Curse of Agony           Necr           0%         N/A       100%        5
 Lee's Rapid Deconstruct  Erth           0%         3d4*      100%        5
 Bombard                  Conj/Erth      0%         9d1       100%        6
 Enfeeble                 Hex            0%         N/A       100%        7
 Orb of Destruction       Conj           0%         9d5       100%        7
 Spellforged Servitor     Conj/Summ      0%         N/A       100%        7
 Lehudib's Crystal Spear  Conj/Erth      0%         10d2      100%        8


Dungeon Overview and Level Annotations

Branches:
Dungeon (15/15)            Temple (1/1) D:6            Lair (5/5) D:8
 Shoals (0/4) Lair:2       Spider (2/4) Lair:3        Slime (0/5) Lair:4
    Orc (2/2) D:11            Elf (0/3) Orc:2        Vaults (0/5) D:14
 Depths (0/4) D:15          IceCv (visited)

Altars:
Ashenzari
Cheibriados
Dithmenos
Elyvilon
Fedhas
Gozag
Hepliaklqana
Kikubaaqudgha
Makhleb
Nemelex Xobeh
Okawaru
Qazlal
Ru
Sif Muna
Trog
Uskayaw
Vehumet
Wu Jian
Xom
Yredelemnul
Zin
The Shining One
Beogh
Jiyva

Shops:
D:3 *   D:4 *   D:5 *   D:11 (   D:14 (=:(   Orc:2 ![=(((!?:

Portals:
Hell: Lair:5

Annotations:
D:4 2 runed translucent doors, hackum's ghost, amateur FoHu
Lair:2 2 transporters, Nebesus's ghost, journeyman DrSh


Innate Abilities, Weirdness & Mutations

You can walk on water.
Your facial features are unmistakably orcish.
You regain HP and MP as you explore.


Message History

Nikola asks, "Are you insulated?"
Nikola mumbles some strange words.
Lightning arcs from Nikola's hands!
The bolt of lightning hits Morguth!!!
The bolt of lightning hits Nikola.
The bolt of lightning hits Nordag!!
The bolt of lightning hits Orkrul!!!
The bolt of lightning hits the orb spider!!!
The orb spider dies!
The bolt of lightning hits you!! You resist.
You hear a skittering sound.
You hear a faint skittering sound. x3
Unknown command.
Aiming: Smiting
Press: ? - help, Dir - move target, f/p - Nikola Smite: Nikola, wielding a +1 rapier of electrocution, wearing a +0 cloak and wearing a +0 pair of gloves (severely wounded, not watching you, ally target)
You smite Nikola!!
Nikola is severely wounded.
Morguth mumbles some strange prayers to Beogh against Nikola.
Nikola is smitten.
Nordag hits Nikola with a +2 great mace of protection!!
Orkrul hits Nikola with a +0 vampiric long sword.
Orkrul is healed.
Nikola casts a spell.
Lightning arcs from Nikola's hands!
The bolt of lightning hits Morguth!!!
Morguth dies!
You swear to avenge Morguth's death!
A bolt of lightning appears from out of thin air!
The bolt of lightning hits Nikola!
Nikola dies!
You feel as though your fallen companions have been avenged.
The bolt of lightning hits Nordag!!!
The bolt of lightning hits Orkrul!!!
Orkrul dies!
The bolt of lightning hits you!! You resist.
* * * LOW HITPOINT WARNING * * *
Your Fighting skill increases to level 15!
Casting: Blink (dangerous; 77% risk of failure)
Confirm with . or Enter, or press ? or * to list all spells.
You miscast Blink.
You are very lightly contaminated with residual magic.
You feel a wrenching sensation.
You are magically locked in place.
The orb of destruction hits you!!!
You die...

....... .
.......#.
.........
........# #
....)o..# .
....††..# .#
.......†###.##
.......@.#...#
..○○○○○....#
..^#####.### (
##.### #....##
##....##
####....^##
..#......#
..........#


You could see the friendly Nordag the orc apostle.

Vanquished Creatures
  2 Ice Fiends (IceCv)
  Agnes (D:14)
  A fire giant (D:15)
  2 vault guards (D:14)
  A rakshasa (D:15)
  An ice dragon (Lair:3)
  4 hydras
  5 two-headed ogres
  2 centaur warriors
  A death knight (D:14)
  7 boulder beetles
  3 demonic crawlers (Spider:1)
  A sun demon (Lair:5)
  A skyshark (Lair:4)
  An arcanist (Lair:5)
  An obsidian statue (IceCv)
  2 spriggan simulacra (IceCv)
  An orange crystal statue (IceCv)
  An orc knight (Lair:3)
  A deep elf pyromancer (D:15)
  An orc sorcerer (Orc:2)
  3 cyclopes
  A manticore (D:14)
  8 ugly things
  Maurice (D:6)
  3 meliai (D:14)
  A merfolk siren (Lair:2)
  A kobold blastminer (Orc:2)
  13 elephants
  4 slime creatures
  A gargoyle (D:12)
  A smoke demon (Lair:5)
  3 kobold demonologists (D:12)
  10 cane toads
  Jeremiah (D:7)
  An orange demon (Lair:5)
  3 rime drakes
  5 freezing wraiths
  An efreet (D:13)
  4 komodo dragons
  3 ice devils (IceCv)
  A golden dragon simulacrum (IceCv)
  3 red devils (Lair:5)
  3 polar bears
  2 trolls
  A tarantella (Spider:1)
  A hellwing (Spider:1)
  7 blink frogs
  2 dream sheep (Lair:3)
  A raiju (shapeshifter) (D:13)
  Sigmund (D:6)
  A culicivora (Spider:1)
  2 water elementals (D:15)
  29 yaks
  A dire elephant simulacrum (IceCv)
  7 jumping spiders
  A wraith (D:14)
  A vampire (D:13)
  6 wyverns
  A minotaur simulacrum (IceCv)
  A basilisk (shapeshifter) (D:15)
  9 basilisks
  3 humans (D:14)
  3 steam dragons
  A warg (Orc:1)
  6 vampire mosquitoes
  10 redbacks (Spider:1)
  A harpy simulacrum (IceCv)
  A hydra simulacrum (IceCv)
  7 water moccasins
  Duvessa (D:4)
  A sky beast (D:7)
  2 hell hounds (Lair:5)
  5 laughing skulls
  5 orc warriors
  6 ice beasts
  An ettin simulacrum (IceCv)
  7 centaurs
  7 wolves
  7 ogres
  A phantom (D:3)
  4 kobold brigands
  Blork the orc (D:6)
  7 bullfrogs
  11 wights
  Dowan (D:4)
  17 killer bees
  3 electric eels
  2 howler monkeys
  2 bombardier beetles (D:5)
  2 jellies
  4 hounds (D:6)
  8 orc priests
  A gnoll bouda (D:5)
  2 iguanas (D:5)
  9 orc wizards
  A sleepcap (D:5)
  2 hell rats (Lair:4)
  13 gnolls
  9 adders
  A naga simulacrum (Lair:3)
  2 white imps
  An ufetubus (D:6)
  A dart slug (D:3)
  3 ribbon worms
  30 orcs
  5 endoplasms
  A giant cockroach (D:1)
  9 goblins
  4 hobgoblins
  A quokka (D:3)
  6 ball pythons
  4 bats (D:2)
  3 frilled lizards
  19 kobolds
  3 rats
456 creatures vanquished.

Vanquished Creatures (collateral kills)
  An azure jelly (Spider:1)
  Fannar (Lair:2)
  6 hydras
  A vault guard (D:14)
  An ogre mage (Orc:2)
  A jorogumo (Spider:2)
  2 catoblepae
  A centaur warrior (D:14)
  A tengu warrior (D:13)
  A demonic crawler (Spider:1)
  A pharaoh ant (Spider:2)
  A skyshark (Lair:4)
  A bog body (IceCv)
  2 steelbarb worms (Spider:1)
  A lindwurm (Lair:5)
  A deep elf pyromancer (D:15)
  2 wolf spiders (Spider:2)
  4 ugly things
  6 orc sorcerers
  12 elephants
  A black mamba (Lair:2)
  3 cyclopes
  A meliai (Lair:3)
  4 slime creatures
  A merfolk siren (Lair:2)
  3 kobold blastminers
  12 cane toads
  8 rime drakes
  An orange demon (Spider:1)
  An unseen horror (D:12)
  An efreet (D:14)
  3 freezing wraiths
  6 komodo dragons
  A red devil (Lair:5)
  6 ice devils
  5 trolls
  2 merfolk (Lair:2)
  A queen bee (Lair:2)
  An alligator simulacrum (IceCv)
  2 tarantellas (Spider:2)
  8 blink frogs
  2 polar bears
  3 dream sheep (Lair:3)
  5 jumping spiders (Spider:1)
  A shadow (D:11)
  A culicivora (Spider:1)
  3 wyverns
  11 yaks
  A vampire (D:12)
  2 basilisks
  A water elemental (D:15)
  5 humans (D:14)
  2 minotaur simulacra (IceCv)
  4 redbacks (Spider:1)
  A harpy simulacrum (IceCv)
  5 water moccasins
  2 hell hounds (Lair:5)
  A laughing skull (D:14)
  A black bear (Lair:3)
  An orc warrior (D:14)
  4 ogres (Orc:2)
  3 centaurs (D:14)
  8 wolves
  A kobold brigand (D:12)
  3 deep troll simulacra (IceCv)
  A bullfrog (Lair:4)
  A gnoll sergeant (D:13)
  A two-headed ogre simulacrum (Lair:3)
  14 killer bees
  An electric eel (D:15)
  A howler monkey (D:11)
  An orc priest (Orc:2)
  4 jellies (Lair:4)
  6 hell rats (Lair:4)
  9 orc wizards
  2 spriggan simulacra
  A troll simulacrum (Lair:3)
  2 gnolls (D:13)
  2 orcs (D:11)
  3 kobolds (D:12)
  A butterfly (Lair:4)
239 creatures vanquished.

Vanquished Creatures (others)
  Nikola (Spider:2)
  13 orc apostles
  An orb spider (Spider:2)
  An orc sorcerer (Orc:2)
  A human (D:14)
  A yak (D:8)
  An acid dragon (D:9)
  An orc warrior (Orc:1)
  An ogre (Orc:2)
  A bullfrog (D:7)
  A wight (D:9)
  5 orc wizards
  An ufetubus (D:5)
  9 orcs
  3 kobolds (D:9)
  3 spectral weapons
44 creatures vanquished.

Grand Total: 739 creatures vanquished

Notes
Turn   | Place    | Note
-------+----------+-------------------------------------------
     0 | D:1      | Armakuni the Human Artificer began the quest for the Orb.
     0 | D:1      | Reached XP level 1. HP: 15/15 MP: 1/1
   113 | D:1      | Reached skill level 1 in Maces & Flails
   125 | D:1      | Found a faded altar of an unknown god.
   488 | D:1      | Reached XP level 2. HP: 21/21 MP: 2/2
  1007 | D:2      | Reached XP level 3. HP: 26/26 MP: 3/3
  1198 | D:2      | Reached XP level 4. HP: 32/32 MP: 4/4
  1593 | D:3      | Found Wuse Naomi's Assorted Antiques.
  1595 | D:3      | Found a snail-covered altar of Cheibriados.
  1605 | D:3      | Bought a scroll labelled GOSIGH HAODI for 26 gold pieces
  1605 | D:3      | Bought a scroll labelled REOTAI WIFRASH for 26 gold pieces
  1736 | D:3      | Bought 3 scrolls labelled OGAR DYLAMIU for 78 gold pieces
  2034 | D:4      | Noticed a phantom
  2058 | D:3      | Reached skill level 1 in Long Blades
  2058 | D:3      | Reached XP level 5. HP: 26/37 MP: 5/5
  2067 | D:3      | Killed a phantom
  2068 | D:3      | Reached skill level 5 in Evocations
  2157 | D:4      | Noticed Duvessa
  2157 | D:4      | Noticed Dowan
  2159 | D:4      | Killed Dowan
  2160 | D:4      | Reached XP level 6. HP: 40/43 MP: 6/6
  2160 | D:4      | Killed Duvessa
  2182 | D:4      | Found Ugelo's General Store.
  2398 | D:4      | Found a runed translucent door.
  2399 | D:4      | Noticed hackum's ghost (amateur FoHu)
  2542 | D:4      | Found a runed translucent door.
  2659 | D:3      | Bought a metallic golden potion for 23 gold pieces
  2659 | D:3      | Bought 2 purple potions for 46 gold pieces
  2688 | D:5      | Entered Level 5 of the Dungeon
  2722 | D:5      | Reached XP level 7. HP: 39/50 MP: 7/7
  2779 | D:5      | Found a glowing silver altar of Zin.
  3382 | D:5      | Reached XP level 8. HP: 59/61 MP: 8/8
  3461 | D:5      | Found Geitesua's CLEARANCE SALE!.
  3469 | D:5      | Bought a scroll of immolation for 4 gold pieces
  3560 | D:6      | Noticed a troll
  3596 | D:6      | Noticed Sigmund
  3696 | D:6      | Killed Sigmund
  3697 | D:6      | Reached skill level 5 in Long Blades
  3812 | D:6      | Noticed Blork the orc
  3819 | D:6      | Killed Blork the orc
  3927 | D:6      | Found a staircase to the Ecumenical Temple.
  3942 | Temple   | Entered the Ecumenical Temple
  4276 | D:6      | Noticed a wyvern
  4276 | D:6      | Noticed a troll
  4418 | D:6      | Reached XP level 9. HP: 22/67 MP: 9/9
  4691 | D:7      | Learned a level 2 spell: Blink
  4694 | D:7      | Learned a level 2 spell: Lesser Beckoning
  4815 | D:7      | Became a worshipper of Beogh the Shepherd
  5044 | D:7      | Noticed Maurice
  5057 | D:7      | Something stole an orb of wrath
  5058 | D:7      | Something stole a +2 whip of draining
  5059 | D:7      | Something stole 21 gold
  5061 | D:7      | Something stole 90 gold
  5434 | D:7      | Noticed Jeremiah
  5448 | D:7      | Maurice stole 125 gold
  5604 | D:6      | Killed Maurice
  5712 | D:7      | Killed Jeremiah
  5713 | D:7      | Reached skill level 10 in Long Blades
  6309 | D:3      | Bought a forked silver wand for 104 gold pieces
  6338 | D:4      | Bought a scroll of identify for 28 gold pieces
  6374 | D:5      | Killed a troll
  6418 | D:5      | Bought a potion of curing for 3 gold pieces
  6731 | D:7      | Reached XP level 10. HP: 73/73 MP: 10/10
  6759 | D:8      | Found a staircase to the Lair.
  6784 | D:8      | Found an ornate altar of the Wu Jian Council.
  6786 | D:8      | Found a sacrificial altar of Ru.
  6790 | D:8      | Found an opulent altar of Gozag.
  6888 | D:8      | Found a broken altar of Ashenzari.
  6963 | D:8      | Reached * piety under Beogh
  7799 | D:9      | Noticed a two-headed ogre
  7846 | D:9      | Killed a two-headed ogre
  7880 | D:9      | Reached ** piety under Beogh
  8004 | D:9      | Reached XP level 11. HP: 64/78 MP: 11/11
  8037 | D:9      | Reached skill level 1 in Invocations
  8517 | D:9      | Reached skill level 5 in Invocations
  8676 | D:9      | Noticed an arcanist
  8774 | D:10     | Entered Level 10 of the Dungeon
  9245 | D:10     | Noticed a two-headed ogre
  9253 | D:10     | Killed a two-headed ogre
  9487 | D:11     | Reached *** piety under Beogh
  9501 | D:11     | Noticed Urtork
  9548 | D:11     | Anointed Urtork the wizard as your apostle
  9610 | D:11     | Noticed a cyclops
  9616 | D:11     | Killed a cyclops
  9782 | D:11     | Found Voseata's Antique Weapon Boutique.
 10113 | D:11     | Found a staircase to the Orcish Mines.
 10135 | Orc:1    | Entered Level 1 of the Orcish Mines
 10171 | Orc:1    | Your ally Urtork died
 10181 | Orc:1    | Noticed Orkrul
 10228 | Orc:1    | Anointed Orkrul the warrior as your apostle
 10363 | Lair:1   | Entered Level 1 of the Lair of Beasts
 10422 | Lair:1   | Reached skill level 10 in Invocations
 10431 | Lair:1   | Reached XP level 12. HP: 70/85 MP: 19/19
 10433 | Lair:1   | Reached **** piety under Beogh
 10465 | Lair:1   | Reached skill level 5 in Dodging
 11182 | Lair:2   | Reached skill level 5 in Fighting
 11460 | Lair:2   | Noticed a skyshark
 11520 | Lair:2   | Your ally Orkrul died
 11529 | Lair:2   | Reached skill level 15 in Long Blades
 11549 | Lair:2   | Noticed Fannar
 11571 | Lair:2   | Killed Fannar
 11622 | Lair:2   | Found a transporter.
 11632 | Lair:2   | Noticed Nebesus's ghost (journeyman DrSh)
 11648 | Lair:2   | Found a transporter.
 11981 | Lair:2   | Reached ***** piety under Beogh
 11991 | Lair:2   | Identified the +10 mace "Killer Klown's Regret" {spect,
                  | Str+2}
 12002 | Lair:2   | Your ally Urtork died
 12005 | Lair:2   | Anointed Morguth the priest as your apostle
 12346 | Lair:2   | Found a staircase to the Shoals.
 12353 | Lair:2   | Reached XP level 13. HP: 93/93 MP: 20/20
 12617 | Lair:3   | Your ally Urtork died
 12787 | Lair:3   | Reached skill level 10 in Dodging
 12915 | Lair:3   | You fall into a shaft and drop 1 floor!
 13084 | Lair:3   | Found a hole to the Spider Nest.
 13136 | Lair:3   | Noticed an ice dragon
 13160 | Lair:3   | Your ally Orkrul died
 13171 | Lair:3   | Killed an ice dragon
 13429 | Lair:3   | Identified the +3 war axe of Non Obstante Veredicto {flame,
                  | rN++ Str+2}
 13704 | Lair:4   | Reached XP level 14. HP: 100/100 MP: 23/23
 13801 | Lair:4   | Reached ****** piety under Beogh
 13836 | Lair:4   | Your ally Urtork died
 14003 | Lair:4   | Found a staircase to the Slime Pits.
 14010 | Lair:4   | Found a viscous altar of Jiyva.
 14357 | Lair:5   | Entered Level 5 of the Lair of Beasts
 14360 | Lair:5   | Your ally Urtork died
 14369 | Lair:5   | Reached skill level 15 in Invocations
 15154 | Lair:5   | Your ally Urtork died
 15156 | Lair:5   | Reached skill level 10 in Fighting
 15222 | Lair:5   | Found a burning altar of Makhleb.
 15235 | Lair:5   | Reached XP level 15. HP: 92/115 MP: 3/26
 15242 | Lair:5   | Found a gateway to Hell.
 15806 | Orc:1    | Anointed Nordag the warrior as your apostle
 16280 | Orc:2    | Entered Level 2 of the Orcish Mines
 16280 | Orc:2    | Found Kededgh's Jewellery Shop.
 16327 | Orc:2    | Found Keivaosa's Antique Armour Shoppe.
 16338 | Orc:2    | Bought a shimmering helmet for 294 gold pieces
 16338 | Orc:2    | Identified the +0 helmet of Secweawk {Fly rF+ rC+} (You
                  | bought it in a shop on level 2 of the Orcish Mines)
 16370 | Orc:2    | Found Zank's Antique Weapon Shop.
 16396 | Orc:2    | Found a staircase to the Elven Halls.
 16407 | Orc:2    | Found Zoquuck's Antique Weapon Shoppe.
 16616 | Orc:2    | Found Plog's Distillery.
 16633 | Orc:2    | Bought a potion of heal wounds for 55 gold pieces
 16648 | Orc:2    | Found a radiant altar of Vehumet.
 16699 | Orc:2    | Found Hir Deuck's Book Emporium.
 16721 | Orc:2    | Found an ancient bone altar of Kikubaaqudgha.
 16799 | Orc:2    | Found a roughly hewn altar of Beogh.
 16799 | Orc:2    | Found Ceviskuo's Antique Weapon Shoppe.
 16818 | Orc:2    | Found Hipesohe's Magic Scroll Shoppe.
 16824 | Orc:2    | Bought a scroll of teleportation for 33 gold pieces
 16838 | Orc:2    | Bought a scroll of enchant armour for 82 gold pieces
 16838 | Orc:2    | Bought a scroll of enchant armour for 82 gold pieces
 16838 | Orc:2    | Bought a scroll of revelation for 82 gold pieces
 16915 | Orc:2    | Bought a pitted scale mail for 279 gold pieces
 16915 | Orc:2    | Identified the +5 scale mail "Okhisyucw" {Dex+4} (You
                  | bought it in a shop on level 2 of the Orcish Mines)
 16949 | Orc:2    | Bought the ring "Cios" {*Corrode rPois Will+ Int+4 Dex+6}
                  | for 834 gold pieces
 16981 | Orc:2    | Found Xurefeme's Distillery.
 17300 | Orc:2    | Found a roughly hewn altar of Beogh.
 17492 | Orc:2    | Bought a runed scarf for 248 gold pieces
 18514 | D:13     | Reached skill level 5 in Armour
 18879 | D:13     | Found a shimmering blue altar of Sif Muna.
 19157 | D:14     | Found Bytzap's Weapon Shop.
 19342 | D:14     | Found Iteeris's Book Boutique.
 19450 | D:14     | Found Rotan's Jewellery Boutique.
 20039 | D:14     | Noticed Agnes
 20045 | D:14     | Killed Agnes
 20207 | D:14     | Identified the +0 chain mail of the Horehound {rElec Will+}
 20472 | D:14     | Found an ornate altar of the Wu Jian Council.
 20532 | D:14     | Found Zerghavi's Antique Weapon Emporium.
 20651 | D:14     | Found a gate to the Vaults.
 20754 | D:15     | Entered Level 15 of the Dungeon
 20848 | D:15     | Found a staircase to the Depths.
 20848 | D:15     | Noticed a fire giant
 20857 | D:15     | Killed a fire giant
 20900 | D:15     | Reached XP level 16. HP: 125/125 MP: 28/28
 21098 | D:15     | Your ally Orkrul died
 21959 | Spider:1 | Entered Level 1 of the Spider Nest
 22580 | Spider:1 | Found a glacial archway.
 22580 | Spider:1 | Noticed an azure jelly
 22586 | Spider:1 | Killed an azure jelly
 22599 | IceCv    | Entered an ice cave
 22621 | IceCv    | Your ally Orkrul died
 22778 | IceCv    | Your ally Morguth died
 23437 | IceCv    | Noticed an Ice Fiend
 23443 | IceCv    | Killed an Ice Fiend
 23473 | IceCv    | Noticed an Ice Fiend
 23477 | IceCv    | Killed an Ice Fiend
 24057 | Spider:1 | Identified the +1 dagger "Oddusos" {heavy, rElec rC+ rN+
                  | Int+2}
 24057 | Spider:1 | Identified the +1 robe of the Miller {Will+ Str+3 Archmagi}
 24350 | Spider:2 | Noticed Nikola
 24358 | Spider:2 | Your ally Morguth died
 24358 | Spider:2 | Killed Nikola
 24358 | Spider:2 | Your ally Orkrul died
 24359 | Spider:2 | Reached skill level 15 in Fighting
 24359 | Spider:2 | Blown up by an orb spider

Illustrated notes

Levels and vault maps discovered:
D:1:      spicycebolla_arrival_clurvy, layout_loops_ring,
          ebering_ecumenical_altar_sacrificial, nicolae_twisty_statue_hallways
D:2:      layout_loops_ring, grunt_decor_cap
D:3:      layout_rooms, mainiacjoe_overflow_small_starburst, serial_shops, shop
D:4:      layout_cave_pools, ebering_ghost_sewer_f, serial_shops, shop,
          uniq_duvessa
D:5:      layout_basic, lemuel_coloured_pillars_altar, nicolae_shop_clearance
D:6:      layout_basic, minmay_temple_entry_glass, dk_noncrumbling_3,
          lightli_corner_chamber, uniq_blork_the_orc, uniq_sigmund
D:7:      layout_basic, serial_curves, eino_curves_04, eino_curves_02,
          minmay_gold_behind_fungi, uniq_maurice, uniq_jeremiah
D:8:      layout_rooms, mainiacjoe_overflow_concentric_impassable, minitemple,
          serial_ice, serial_ice_a, serial_ice_m, serial_ice_l, serial_ice_c,
          serial_ice_g
D:9:      layout_irregular_city, serial_glass, glass_columns_a, glass_columns_a,
          laboratory
D:10:     layout_rooms, hangedman_decor_riveting, minivault_27,
          dreamdust_mushroom_princess
D:11:     layout_loops_cross, hiddenorc1_lemuel, serial_shops,
          nicolae_shop_window_shopping
D:12:     layout_irregular_city
D:13:     layout_small_grid, serial_library_hellmonk_statue_hall
D:14:     layout_layer_cave, ximxim_vaults_locker_room, serial_shops, shop,
          shop, nicolae_shop_tiny_real_fake_doors, shop, grunt_decor_arrowhead,
          nzn_wu_jian_council_hall, uniq_agnes
D:15:     grunt_enter_depths_giant_problem, layout_basic, minmay_misc_feat_rows,
          amcnicky_mini_pool_small, chequers_serial_rivers_micro_c, st_stairs_12
Temple:   eino_temple_scatter_basement
Lair:1:   layout_small_grid
Lair:2:   layout_roguey, elwin_shoals_entry_stream, special_room
          [special_room_bee], gammafunk_ghost_arena, uniq_fannar
Lair:3:   dreamdust_isle_of_ice, layout_big_grid,
          hellmonk_spider_entry_not_the_bees, hangedman_lair_unloving_vines,
          grunt_megastairs_4
Lair:4:   layout_roguey [special_room_mythical_zoo],
          nicolae_slime_entry_field_trip, st_stairs_7, lemuel_fruit_fields
Lair:5:   evil_forest, layout_gridlike, serial_bayou_shore_a
Spider:1: layout_chambers, portal_ice_cave_entry_frozen_things
Spider:2: layout_chambers, hangedman_spider_tarantella_strand, uniq_nikola
Orc:1:    layout_diamond_mine
Orc:2:    kennysheep_orc_mage_school, layout_caves, serial_shops,
          nicolae_shop_tiny_real_fake_doors, nicolae_shop_rolling_square,
          nicolae_shop_back_alley_shop, shop_statue, nicolae_shop_trees,
          basic_altar

Skill      XL: |  1  2  3  4  5  6  7  8  9 10 11 12 13 14 15 16 |
---------------+-------------------------------------------------+-----
Maces & Flails | 1 2 |  2.0
Evocations     | 4 5 6 |  6.0
Long Blades    | 1 2 3 7 11 14 16 | 16.0
Dodging        | 2 3 6 10 | 10.0
Fighting       | 2 4 6 10 11 15 | 15.0
Invocations    | 10 13 15 16 | 16.6
Armour         | 8 |  8.3
Stealth        | |  1.0
Spellcasting   | |  0.5

Action                     |  1- 3 |  4- 6 |  7- 9 | 10-12 | 13-15 | 16-18 || total
---------------------------+-------+-------+-------+-------+-------+-------++-------
  Melee: Whip              |    65 |    39 |       |       |       |       ||   104
         Club              |     1 |       |       |       |       |       ||     1
         Double sword      |       |    77 |   259 |   592 |   693 |   270 ||  1891
  Throw: Dart              |       |       |       |    12 |     7 |       ||    19
   Cast: Blink             |       |       |     2 |     1 |       |       ||     3
 Invoke: Convert to Beogh  |       |       |     1 |       |       |       ||     1
         Recruit Apostle   |       |       |       |     3 |     1 |       ||     4
         Smiting           |       |       |       |     2 |    37 |    23 ||    62
         Recall Apostles   |       |       |       |     1 |     7 |     4 ||    12
         Dismiss Apostle   |       |       |       |       |     1 |       ||     1
  Evoke: Wand              |     2 |     5 |    17 |    14 |     1 |       ||    39
         Condenser vane    |       |       |       |       |     1 |       ||     1
    Use: Scroll            |       |    13 |    13 |    10 |     5 |     1 ||    42
         Potion            |       |       |     3 |     2 |     2 |     2 ||     9
   Stab: Sleeping          |       |       |     1 |       |     7 |       ||     8
         Distracted        |       |       |       |     6 |    14 |    10 ||    30
 Armour: Ring mail         |    63 |    96 |   296 |   329 |   167 |       ||   951
         Scale mail        |       |       |       |       |   130 |   205 ||   335
  Dodge: Dodged            |    32 |    55 |   177 |   455 |   588 |   299 ||  1606

Table legend: (Time is in decaauts)
 A = Elapsed time spent in this place.
 B = Non-inter-level travel time spent in this place.
 C = Inter-level travel time spent in this place.
 D = Time resting spent in this place.
 E = Time spent auto-exploring this place.
 F = Levels seen in this place.
 G = Mean time per level.
                   A        B        C        D        E       F      G
               +--------+--------+--------+--------+--------+-----+--------+
         Total |  24079 |  21995 |   2084 |   2977 |  12139 |  26 |  926.1 |
       Dungeon |  14618 |  13119 |   1499 |   1645 |   7519 |  15 |  974.5 |
        Temple |      4 |      4 |      0 |      0 |      0 |   1 |    4.0 |
          Lair |   5052 |   4787 |    265 |    593 |   2539 |   5 | 1010.4 |
   Spider Nest |   1429 |   1376 |     53 |    138 |    895 |   2 |  714.5 |
  Orcish Mines |   2049 |   1782 |    267 |     20 |   1178 |   2 | 1024.5 |
      Ice Cave |    925 |    925 |      0 |    581 |      8 |   1 |  925.0 |
               +--------+--------+--------+--------+--------+-----+--------+

Top non-repeatable levels by time:
    D:14: 1466 daAuts
     D:6: 1424 daAuts
Spider:1: 1341 daAuts
     D:7: 1286 daAuts
  Lair:2: 1283 daAuts
     D:5: 1233 daAuts
     D:9: 1198 daAuts
  Lair:3: 1101 daAuts
   Orc:2: 1050 daAuts
  Lair:5: 1047 daAuts
   Orc:1: 999 daAuts
    D:12: 988 daAuts
    D:15: 961 daAuts
   IceCv: 925 daAuts
     D:8: 894 daAuts
